 Dungeon Crawl Stone Soup version 0.31.0-11-ge490571c62 (webtiles) character file.

Game seed: 4241492201485747452

60 browni3141 the Shield-Bearer (level 3, -1/33 HPs)
             Began as a Minotaur Fighter on Jan 27, 2024.
             Slain by a gnoll
             ... wielding a +0 spear
              (3 damage)
             ... on level 3 of the Dungeon.
             The game lasted 00:00:30 (494 turns).

browni3141 the Shield-Bearer (Minotaur Fighter)      Turns: 494, Time: 00:00:31

Health: -1/33      AC:  7    Str: 22    XL:     3   Next: 80%
Magic:  2/2        EV:  9    Int:  5    God:
Gold:   60         SH:  4    Dex:  9    Spells: 2/2 levels left

rFire   . . .        a - +0 war axe
rCold   . . .        c - +0 buckler
rNeg    . . .        b - +0 scale mail
rPois   .            (helmet restricted)
rElec   .            (no cloak)
rCorr   .            (no gloves)
SInv    .            (no boots)
Will    .....        (no amulet) Stlth
                     (no ring)
HPRegen 0.25/turn    (no ring)
MPRegen 0.08/turn

%: no passive effects
@: no status effects
A: horns 2, retaliatory headbutt
a: no special abilities


You were on level 3 of the Dungeon.
You visited 1 branch of the dungeon, and saw 3 of its levels.

You collected 60 gold pieces.

Inventory:

Hand Weapons
 a - a +0 war axe (weapon)
Armour
 b - a +0 scale mail (worn)
 c - a +0 buckler (worn)
Jewellery
 e - a ring of willpower
 g - an amulet of the acrobat
Scrolls
 f - a scroll of identify {unknown}
Potions
 d - a potion of might
 h - a potion of brilliance {unknown}


   Skills:
 + Level 4.2 Fighting
 + Level 3.3 Axes
 + Level 4.2 Armour
 + Level 4.2 Shields


You had 2 spell levels left.
You didn't know any spells.
Your spell library was empty.

Dungeon Overview and Level Annotations

Branches:
Dungeon (3/15)

Altars:


Innate Abilities, Weirdness & Mutations

You have a pair of horns on your head.
You reflexively headbutt those who attack you in melee.


Message History

The kobold shouts!
The ball python barely misses you. The ball python grabs you.
The ball python constricts you.
You hit the ball python.
You kill the ball python!
The kobold throws a stone.
The stone barely misses you.
A rat comes into view.
The rat squeaks loudly.
An endoplasm comes into view.
The kobold throws a stone.
The stone hits you but does no damage.
An adder comes into view.
The adder hisses angrily.
The endoplasm quivers.
You closely miss the kobold.
A bat comes into view.
The kobold hits you with a +0 club.
You hit the kobold.
You kill the kobold!
The bat hits you but does no damage.
You barely miss the rat. You slash the bat!
You kill the bat!
The rat barely misses you.
You closely miss the adder. You closely miss the rat. You slash the endoplasm!
You kill the endoplasm!
The rat bites you but does no damage. The adder bites you but does no damage.
You block the rat's attack.
You slash the adder!
You kill the adder!
You closely miss the rat. You block the rat's attack.
You barely miss the rat. Your headbutt misses the rat.
You block the rat's attack.
You hit the rat.
You kill the rat!
No target in view!
No target in view!
There is an escape hatch in the floor here.
There is a stone staircase leading down here.
You climb downwards.
The gnoll shouts! x2; Sigmund shouts!
The orc shouts!
You hear a bark!
You hear a shout!
There is a stone staircase leading up here.
There are monsters nearby!
There are monsters nearby!
There are monsters nearby!
There are monsters nearby!
You barely miss Sigmund. Sigmund closely misses you.
A jackal comes into view.
You barely miss Sigmund.
The gnoll shouts!
Your headbutt misses Sigmund. Sigmund completely misses you.
You closely miss Sigmund. Your headbutt misses Sigmund.
You closely miss the orc. The orc hits you with a +0 flail!
A gnoll comes into view. It is wielding a +0 spear.
A jackal comes into view.
The orc hits you with a +0 flail. Sigmund barely misses you.
You furiously retaliate!
You headbutt Sigmund! You closely miss Sigmund.
The jackal barks!
You headbutt Sigmund, but do no damage.
Sigmund is moderately wounded.
You completely miss the orc. The orc closely misses you.
You furiously retaliate!
You headbutt the orc!
You kill the orc!
Sigmund closely misses you.
You hit Sigmund but do no damage.
Sigmund is moderately wounded.
You block the jackal's attack.
You barely miss Sigmund.
Sigmund is moderately wounded.
You completely miss the jackal. The jackal closely misses you.
You block Sigmund's attack.
The jackal bites you but does no damage.
You hit Sigmund. Your headbutt misses Sigmund.
Sigmund is heavily wounded.
You hit the jackal.
You kill the jackal!
You closely miss the jackal.
The jackal bites you but does no damage.
Sigmund hits you with a +0 scythe!
The gnoll hits you from afar with a +0 spear.
The jackal barely misses you.
You barely miss Sigmund. You headbutt Sigmund!
Sigmund is almost dead.
You barely miss the jackal. The jackal bites you.
Sigmund completely misses you. The gnoll barely misses you.
The jackal bites you.
The gnoll hits you from afar with a +0 spear.
You barely miss Sigmund. Your headbutt misses Sigmund.
Sigmund is almost dead.
You barely miss the jackal.
The jackal bites you but does no damage.
Sigmund hits you with a +0 scythe. The gnoll completely misses you.
The jackal barely misses you.
You are too injured to fight recklessly!
You are too injured to fight recklessly!
You slash Sigmund!
You kill Sigmund!
You hit the jackal. The jackal barely misses you.
The gnoll hits you from afar with a +0 spear.
You die...

..~ .. ######
..~≈ gg ......
..~≈#####~~≈~~~
..≈≈≈≈≈≈≈≈≈≈~≈≈
..~~≈~~≈~≈~~~~~
...P.......$..(
.......).......
#......@hg.....
#.#####.†......
#.....###
#.....# #..^..#
#.....# #......
#......#


You could see 3 gnolls and a jackal.

Vanquished Creatures
  Sigmund (D:3)
  2 adders (D:2)
  A dart slug (D:2)
  A ribbon worm (D:2)
  An orc (D:3)
  3 ball pythons
  4 endoplasms
  A giant cockroach (D:2)
  3 hobgoblins
  A jackal (D:3)
  A quokka (D:2)
  4 bats
  4 goblins
  7 kobolds
  4 rats
38 creatures vanquished.

Notes
Turn   | Place    | Note
-------+----------+-------------------------------------------
     0 | D:1      | browni3141 the Minotaur Fighter began the quest for the
                  | Orb.
     0 | D:1      | Reached XP level 1. HP: 19/19 MP: 0/0
   125 | D:1      | Reached XP level 2. HP: 27/27 MP: 1/1
   396 | D:2      | Reached XP level 3. HP: 33/33 MP: 2/2
   484 | D:3      | Noticed Sigmund
   494 | D:3      | Killed Sigmund
   494 | D:3      | Slain by a gnoll

Illustrated notes

Levels and vault maps discovered:
D:1:      amcnicky_arrival_flooded_fountain, layout_basic,
          minmay_misc_feat_hallway
D:2:      layout_basic
D:3:      lemuel_castle_with_subvaults [lemuel_castle_interior_carwin_1],
          layout_basic, grunt_decor_resistance, uniq_sigmund

Skill      XL: |  1  2 |
---------------+-------+-----
Fighting       | 4 |  4.2
Axes           | 3 |  3.3
Armour         | 4 |  4.2
Shields        | 4 |  4.2

Action                     || total
---------------------------++-------
  Melee: War axe           ||    66
         Headbutt          ||    10
 Armour: Scale mail        ||    56
  Dodge: Dodged            ||    44
  Block: Buckler           ||    18
